 Dungeon Crawl Stone Soup version 0.19-a0-854-gc78d25d (webtiles) character file.

541 Implojin the Cleaver (level 7, -2/57 HPs)
             Began as a Minotaur Fighter on July 1, 2016.
             Was an Initiate of Trog.
             Slain by a killer bee (6 damage)
             ... on level 10 of the Dungeon.
             The game lasted 00:12:20 (1531 turns).

Implojin the Cleaver (Minotaur Fighter)             Turns: 1531, Time: 00:12:21

Health: -2/57      AC: 11    Str: 20    XL:     7   Next: 5%
Magic:  6/6        EV:  3    Int:  5    God:    Trog [......]
Gold:   0          SH:  9    Dex: 12    Spells: 0 memorised, 6 levels left

rFire  + + .     SeeInvis .     a - +1 war axe
rCold  + . .     Gourm    .     i - +0 plate armour
rNeg   . . .     Faith    .     c - +0 shield
rPois  +         Spirit   .     (helmet restricted)
rElec  +         Dismiss  +     (no cloak)
rCorr  +         Reflect  .     (no gloves)
SustAt .         Harm     .     (no boots)
MR     .....                    l - amulet of dismissal {AROUND NECK}
Stlth  ..........               o - ring of protection from fire
                                g - ring of poison resistance

@: lethally poisoned (-2 -> -14), resistant, not resistant to hostile
enchantments, extremely unstealthy
A: retaliatory headbutt, horns 2
a: Burn Spellbooks, Renounce Religion


You were on level 10 of the Dungeon.
You worshipped Trog.
Trog was noncommittal.
You were very hungry.

You visited 3 branches of the dungeon, and saw 12 of its levels.

Inventory:

Hand Weapons
 a - a +1 war axe (weapon)
Armour
 b - a +0 scale mail
 c - a +0 shield (worn)
 i - a +0 plate armour (worn)
Jewellery
 d - an uncursed ring of resist corrosion
 g - a ring of poison resistance (left hand)
 l - an amulet of dismissal (around neck) {AROUND NECK}
 o - a ring of protection from fire (right hand)
Wands
 k - a wand of heal wounds (5/9)
 m - a wand of slowing (35/48)
Scrolls
 j - a scroll of remove curse
 q - a scroll of random uselessness {unknown}
Potions
 e - a potion of flight
 h - a potion of resistance
Comestibles
 f - 3 bread rations
 n - a meat ration


   Skills:
 - Level 3.6 Fighting
 * Level 9.3 Axes
 - Level 3.6 Armour
 - Level 3.6 Shields


You had 6 spell levels left.
You didn't know any spells.

Dungeon Overview and Level Annotations

Branches:
Dungeon (10/15)            Temple (1/1) D:6            Lair (1/6) D:9
    Orc: D:9-12

Altars:
Cheibriados
Dithmenos
Elyvilon
Fedhas
Gozag
Hepliaklqana
Kikubaaqudgha
Makhleb
Pakellas
Ru
Sif Muna
Trog
Uskayaw
Vehumet
Zin
The Shining One

Shops:
D:8 *

Annotations:
D:7 sugabear's ghost, novice VSGl
Lair:1 Itaipava's ghost, novice MiGl


Innate Abilities, Weirdness & Mutations

You reflexively headbutt those who attack you in melee.
You have a pair of horns on your head.


Message History

You hear a loud clanging noise!
It was a scroll of noise.
You feel sick.
You hear a shout!
The killer bee stings you.
* * * LOW HITPOINT WARNING * * *
You are more poisoned.
The killer bee poisons you! The killer bee stings you.
* * * LOW HITPOINT WARNING * * *
You block the killer bee's attack.
The killer bee stings you but does no damage.
You block the killer bee's attack. The killer bee barely misses you.
The killer bee stings you.
* * * LOW HITPOINT WARNING * * *
The killer bee stings you.
* * * LOW HITPOINT WARNING * * *
Unknown command.
Unknown command.
Okay, then.
As you read the scroll labeled XEGUFA PAUCO, it crumbles to dust.
This is a scroll of acquirement! [a] Weapon [b] Armour [c] Jewellery [d] Book [f] Wand [g] Misc.
Evocable [h] Food [i] Gold [j] Ammunition What kind of item would you like to acquire? (\ to view known items)
Something appears at your feet!
* * * LOW HITPOINT WARNING * * *
You feel sick. You block the killer bee's attack. x2
The killer bee stings you but does no damage. x2
The killer bee stings you.
* * * LOW HITPOINT WARNING * * *
The killer bee stings you but does no damage. x2
The killer bee stings you.
* * * LOW HITPOINT WARNING * * *
Unknown command.
Unknown command.
k - a wand of heal wounds
* * * LOW HITPOINT WARNING * * *
You feel sick.
The killer bee stings you but does no damage.
You block the killer bee's attack. x2; The killer bee stings you.
You die...

....#...# ###.'...#
#.#...# #.#...# #.#...#
..#...# .
...###'#############...
................yyy.....
.....###..#.....@yF.....
..... #..#.....y#y.....
... #.........# .../.
... #.........# #... ...
............. .. ###
############## #


You could see a giant frog and 6 killer bees.

Vanquished Creatures
  An ice beast (D:5)
  A big kobold (D:8)
  A giant frog (D:7)
  A wyvern skeleton (D:9)
  A crimson imp (D:8)
  A hound (D:10)
  3 iron imps (D:3)
  A worker ant (D:8)
  4 gnolls
  2 adders
  An ooze (D:6)
  A dart slug (D:2)
  2 giant geckos (D:9)
  2 bats
  2 giant cockroaches
  2 goblins (D:3)
  2 hobgoblins (D:3)
  7 kobolds (D:8)
  2 giant newts
  A jackal skeleton (D:6)
38 creatures vanquished.

Notes
Turn   | Place    | Note
-------+----------+-------------------------------------------
     0 | D:1      | Implojin the Minotaur Fighter began the quest for the Orb.
     0 | D:1      | Reached XP level 1. HP: 19/19 MP: 0/0
    47 | D:2      | Reached skill level 3 in Axes
    51 | D:3      | Found a faded altar of an unknown god.
    65 | D:3      | Reached XP level 2. HP: 22/26 MP: 1/1
    78 | D:3      | Found a burning altar of Makhleb.
    99 | D:3      | Reached skill level 4 in Axes
    99 | D:3      | Reached XP level 3. HP: 26/31 MP: 2/2
   101 | D:3      | Reached skill level 5 in Axes
   105 | D:3      | Reached XP level 4. HP: 26/39 MP: 3/3
   415 | D:5      | Entered Level 5 of the Dungeon
   433 | D:5      | Noticed an ice beast
   442 | D:5      | Killed an ice beast
   442 | D:5      | Reached skill level 7 in Axes
   442 | D:5      | Reached XP level 5. HP: 37/45 MP: 4/4
   476 | D:6      | Found a shadowy altar of Dithmenos.
   582 | D:7      | Noticed a crocodile
   612 | D:7      | Noticed sugabear's ghost (novice VSGl)
   658 | D:6      | Reached XP level 6. HP: 17/51 MP: 5/5
   672 | D:6      | Found a staircase to the Ecumenical Temple.
   678 | Temple   | Entered the Ecumenical Temple
   760 | Temple   | Became a worshipper of Trog the Wrathful
   848 | D:8      | Reached skill level 8 in Axes
   892 | D:9      | Found a staircase to the Lair.
   916 | Lair:1   | Entered Level 1 of the Lair of Beasts
   916 | Lair:1   | Noticed Itaipava's ghost (novice MiGl)
   926 | D:9      | Noticed a troll
   949 | D:9      | Noticed a troll
   985 | D:8      | Found Nrui's Needful Niceties.
  1083 | D:8      | HP: 2/51 [crimson imp (3)]
  1087 | D:8      | Reached skill level 9 in Axes
  1326 | D:9      | Noticed a sky beast
  1426 | D:10     | Entered Level 10 of the Dungeon
  1492 | D:10     | Reached XP level 7. HP: 46/57 MP: 6/6
  1530 | D:10     | Identified a scroll of acquirement
  1531 | D:10     | Slain by a killer bee

Vault maps used:
D:1:      dpeg_arrival_windows_large_door, minmay_parallelograms,
          okawaru_ov_weapons_minmay
D:2:      first_bread, minmay_box_of_dots, uniq_crazy_yiuf_cottage
D:3:      demons_altar, amethyst_overflow_temple_binary, ecumenical_altar_1,
          serial_forest, infiniplex_forest_clump_small,
          infiniplex_forest_clump_curved, infiniplex_forest_end_2,
          infiniplex_forest_end_2, infiniplex_forest_zigzag_2,
          infiniplex_forest_end_1, infiniplex_forest_lined_3,
          infiniplex_forest_3_way
D:4:      nicolae_overflow_crystal_walls, nicolae_ru_awakened_eye
D:6:      old_forge, nicolae_dithmenos_the_darkroom
D:7:      the_bakery
D:8:      nicolae_alphabet_shops, uniq_grum, uniq_erica
D:9:      gammafunk_temple_overflow_claw, lair_0_dummy, serial_shops,
          shop_fountains, kennysheep_decorative_pillar, tso_altar
D:10:     lemuel_flamethrower_hall
Temple:   regret_index_temple_waves
Lair:1:   grunt_megastairs_4

Skill      XL: |  1  2  3  4  5  6 |
---------------+-------------------+-----
Axes           | 3 4 5 7 9 |  9.3
Fighting       | |  3.6
Armour         | |  3.6
Shields        | |  3.6

Action                   |  1- 3 |  4- 6 |  7- 9 || total
-------------------------+-------+-------+-------++-------
Melee: War axe           |    21 |   130 |     2 ||   153
       Headbutt          |     4 |    26 |       ||    30
Evoke: Wand              |       |     1 |       ||     1
  Use: Potion            |       |     3 |     1 ||     4
       Scroll            |       |     6 |     2 ||     8
  Eat: Chunk             |       |     1 |       ||     1
Armor: Scale mail        |     5 |       |       ||     5
       Plate armour      |       |    71 |    13 ||    84
Dodge: Dodged            |     5 |    13 |     3 ||    21
Block: Shield            |     8 |    65 |    12 ||    85

Table legend:
 A = Turns spent in this place as a percentage of turns spent in the entire game.
 B = Non-inter-level travel turns spent in this place as a percentage of non-inter-level travel turns spent in the entire game.
 C = Inter-level travel turns spent in this place as a percentage of turns spent in this place.
 D = Turns resting spent in this place as a percentage of non-inter-level travel turns spent in this place.
 E = Turns spent auto-exploring this place as a percentage of non-inter-level travel turns spent in this place.
 F = Non-inter-level travel turns spent in this place divided by the number of levels of this place that you've seen.
                   A       B       C       D       E      F
               +-------+-------+-------+-------+-------+----------------------
         Total | 100.0 | 100.0 |   0.0 |   0.1 |   0.0 | 116.2
       Dungeon |  92.1 |  92.1 |   0.0 |   0.2 |   0.0 | 128.5
        Temple |   7.6 |   7.6 |   0.0 |   0.0 |   0.0 | 106.0
          Lair |   0.3 |   0.3 |   0.0 |   0.0 |   0.0 |   4.0
               +-------+-------+-------+-------+-------+----------------------

Table legend:
 A = Kills in this place as a percentage of kills in entire the game.
 B = Kills by you in this place as a percentage of kills by you in the entire game.
 C = Kills by friends in this place as a percentage of kills by friends in the entire game.
 D = Other kills in this place as a percentage of other kills in the entire game.
 E = Experience gained in this place as a percentage of experience gained in the entire game.
 F = Experience gained in this place divided by the number of levels of this place that you have seen.
                   A       B       C       D       E      F
               +-------+-------+-------+-------+-------+----------------------
         Total | 100.0 | 100.0 |  -nan |  -nan | 100.0 |  64.4
       Dungeon | 100.0 | 100.0 |  -nan |  -nan | 100.0 |  77.3
               +-------+-------+-------+-------+-------+----------------------
